 Dungeon Sprint DCSS version 0.29.1-12-g30fa7ad0bf (webtiles) character file.

Game seed: 3309853924961865588

407 Lucy the Covert (level 7, -3/81 HPs)
             Began as a Human Brigand on Jan 1, 2023.
             Was an Initiate of Ru.
             Slain by Sonja
             ... wielding a +2 short sword of distortion
              (6 damage)
             ... in the Dungeon (Sprint I: "Red Sonja").
             The game lasted 00:03:34 (224 turns).

Lucy the Covert (Human Brigand)                      Turns: 224, Time: 00:03:35

Health: -3/81      AC: 23    Str: 13    XL:     7   Next: 12%
Magic:  12/12      EV:  2    Int: 11    God:    Ru [......]
Gold:   222        SH:  0    Dex: 15    Spells: 13/13 levels left

rFire   . . .      SeeInvis .   a - +2 dagger
rCold   . . .      Faith    .   (no shield)
rNeg    . . .      Spirit   .   (body armour currently unavailable)
rPois   +          Reflect  .   (helmet currently unavailable)
rElec   .          Harm     .   (cloak currently unavailable)
rCorr   .          Rampage  .   (gloves currently unavailable)
Will    .....      NoTele   +   (boots currently unavailable)
Stlth   +++++.....              (no amulet)
HPRegen 0.23/turn               j - +4 ring of evasion
MPRegen 0.13/turn               (no ring)

@: tree-form, weak-willed
A: stationary, stasis, torment immunity, boosted hp
a: Renounce Religion


You were in the Dungeon.
You worshipped Ru.
Ru was noncommittal.
You were a tree.
You visited 1 branch You collected 303 gold pieces.
You spent 81 gold pieces at shops.

Inventory:

Hand Weapons
 a - a +2 dagger (weapon)
Armour
 b - a +0 robe (melded)
 c - a +0 cloak (melded)
Jewellery
 j - a +4 ring of evasion (left branch)
Potions
 i - 2 potions of magic


   Skills:
 * Level 4.1 Fighting
 * Level 4.2 Short Blades
 * Level 4.0 Throwing
 * Level 3.9 Armour
 * Level 4.2 Dodging
 * Level 11.4 Stealth
 * Level 3.5 Spellcasting
 * Level 3.1 Evocations


You had 13 spell levels left.
You didn't know any spells.
Your spell library was empty.

Dungeon Overview and Level Annotations

Branches:
Dungeon (1/1)

Altars:
Cheibriados
Dithmenos
Elyvilon
Fedhas
Gozag
Hepliaklqana
Kikubaaqudgha
Nemelex Xobeh
Okawaru
Qazlal
Ru
Sif Muna
Trog
Uskayaw
Vehumet
Wu Jian
Yredelemnul
Zin
The Shining One

Shops:
D *

Annotations:
D Sonja


Message History

Sonja throws a curare-tipped dart.
The curare-tipped dart hits you.
Throw: dart (poison)
Press: ? - help, Q - select action Shift-Dir - straight line, f/p - Sonja
Aim: Sonja, wielding a +2 short sword of distortion, quivering curare-tipped darts and carrying a wand of light (7) (severely wounded, poisoned, slow, 16% to hit)
You throw a poisoned dart. The poisoned dart misses Sonja.
Sonja zaps a wand.
The bolt of light hits you but does no damage.
You are confused.
Unknown command.
Sonja is no longer moving slowly.
Sonja plants her feet in a plie.
You cannot move. (Use ctrl+direction or * direction to attack while stationary and confused.)
You cannot move. (Use ctrl+direction or * direction to attack while stationary and confused.)
You cannot move. (Use ctrl+direction or * direction to attack while stationary and confused.)
You attack the rock wall.
Sonja looks more healthy.
Sonja hits you but does no damage. Space warps around you.
Sonja hits you but does no damage. Space warps horribly around you!
Sonja hits you but does no damage. Space warps around you.
Sonja hits you but does no damage. Space warps around you.
Sonja hits you but does no damage. x2
You swing at nothing.
You feel less confused.
Sonja casts a spell.
Sonja blinks!
Sonja throws a curare-tipped dart.
The curare-tipped dart hits you.
You barely miss Sonja.
Sonja is almost dead.
Sonja gestures wildly while chanting.
Sonja blinks!
Sonja zaps a wand.
The bolt of light hits you!
* * * LOW HITPOINT WARNING * * *
You feel better.
You hit Sonja. Your punch misses Sonja.
Sonja is almost dead.
Sonja hits you with a +2 short sword of distortion.
Space warps horribly around you!
* * * LOW HITPOINT WARNING * * *
Sonja hits you but does no damage. Space warps horribly around you!
* * * LOW HITPOINT WARNING * * *
Sonja hits you but does no damage. Space warps around you.
You die...

#..').#..').#..+
#..#####'#####'#
#..####..#...#)#
#..#__####..##.#
#..#_____##'#_.+
#⌠⌠#_.∩...'(.._#
####_..__##_.#'#
#_____###K#.#
####### #♣###
+$.$+ #(($#
##(## #+#


You could see Sonja.

Vanquished Creatures
  A yak (D)
  An ogre (D)
  A jelly (D)
  Ijyb (D)
4 creatures vanquished.

Vanquished Creatures (collateral kills)
  Sigmund (D)
1 creature vanquished.

Grand Total: 5 creatures vanquished

Notes
Turn   | Place    | Note
-------+----------+-------------------------------------------
     0 | D        | Lucy the Human Brigand began the quest for the Orb.
     0 | D        | Reached XP level 1. HP: 16/16 MP: 1/1
     2 | D        | Noticed Ijyb
    10 | D        | Killed Ijyb
    11 | D        | Reached skill level 1 in Armour
    11 | D        | Reached skill level 5 in Stealth
    11 | D        | Reached skill level 1 in Spellcasting
    11 | D        | Reached XP level 2. HP: 23/23 MP: 1/3
    11 | D        | Reached XP level 3. HP: 28/28 MP: 1/4
    40 | D        | Noticed an ogre
    47 | D        | Noticed Sigmund
    52 | D        | Killed Sigmund
    53 | D        | Reached skill level 9 in Stealth
    53 | D        | Reached XP level 4. HP: 14/35 MP: 4/7
    53 | D        | Reached XP level 5. HP: 16/41 MP: 4/8
    92 | D        | Killed an ogre
    93 | D        | Reached XP level 6. HP: 23/47 MP: 7/10
   127 | D        | Found an ornate altar of the Wu Jian Council.
   127 | D        | Found a shimmering blue altar of Sif Muna.
   129 | D        | Found a radiant altar of Vehumet.
   134 | D        | Reached skill level 10 in Stealth
   171 | D        | Found Sittoen's Assorted Antiques.
   171 | D        | Found an ancient bone altar of Kikubaaqudgha.
   171 | D        | Found a hazy altar of Hepliaklqana.
   171 | D        | Found a stormy altar of Qazlal.
   171 | D        | Found a hide-covered altar of Uskayaw.
   171 | D        | Found a blossoming altar of Fedhas.
   171 | D        | Found a bloodstained altar of Trog.
   171 | D        | Found an iron altar of Okawaru.
   171 | D        | Found a basalt altar of Yredelemnul.
   171 | D        | Found a glowing golden altar of the Shining One.
   171 | D        | Found a snail-covered altar of Cheibriados.
   171 | D        | Found a sacrificial altar of Ru.
   171 | D        | Found a glowing silver altar of Zin.
   171 | D        | Found a shadowy altar of Dithmenos.
   171 | D        | Found a white marble altar of Elyvilon.
   171 | D        | Noticed a yak
   172 | D        | Found an opulent altar of Gozag.
   173 | D        | Killed a yak
   174 | D        | Reached skill level 11 in Stealth
   174 | D        | Reached XP level 7. HP: 39/54 MP: 10/12
   174 | D        | Found a sparkling altar of Nemelex Xobeh.
   181 | D        | Became a worshipper of Ru the Awakened
   185 | D        | Bought a scroll labelled KAISCH ORPHOA for 27 gold pieces
   185 | D        | Bought a scroll labelled ATTOST IRINWOEF for 27 gold pieces
   185 | D        | Bought a scroll labelled BEKIJI UPEAKH for 27 gold pieces
   195 | D        | Noticed Sonja
   224 | D        | HP: 3/81 [Sonja/+2 short sword of distortion (10)]
   224 | D        | Slain by Sonja

Illustrated notes

Levels and vault maps discovered:
D:        dungeon_sprint_1 [red_sonja_temple_1, red_sonja_temple_small_1]

Skill      XL: |  1  2  3  4  5  6 |
---------------+-------------------+-----
Armour         | 1 2 3 |  3.9
Stealth        | 5 9 11 | 11.4
Spellcasting   | 1 2 3 |  3.5
Fighting       | 3 4 |  4.1
Short Blades   | 3 4 |  4.2
Throwing       | 3 4 |  4.0
Dodging        | 3 4 |  4.2
Evocations     | 2 3 |  3.1

Action                   |  1- 3 |  4- 6 |  7- 9 || total
-------------------------+-------+-------+-------++-------
Melee: Dagger            |     6 |     2 |     5 ||    13
Throw: Dart              |       |     2 |    12 ||    14
Evoke: Wand              |     2 |       |       ||     2
  Use: Potion            |     1 |     1 |     3 ||     5
       Scroll            |       |     1 |     3 ||     4
 Stab: Sleeping          |       |     2 |       ||     2
Armor: Robe              |     1 |       |       ||     1
       Skin              |       |       |    10 ||    10
Dodge: Dodged            |     2 |       |     7 ||     9
